 Dungeon Crawl Stone Soup version 0.29-a0-284-gf9362112df (webtiles) character file.

Game seed: 16718790092124937932

25 NotOkHand the Chopper (level 2, 25/25 HPs)
             Began as a Minotaur Gladiator on Mar 23, 2022.
             Quit the game on level 1 of the Dungeon.
             The game lasted 00:08:14 (682 turns).

NotOkHand the Chopper (Minotaur Gladiator)           Turns: 682, Time: 00:08:15

Health: 25/25      AC: 11    Str: 18    XL:     2   Next: 82%
Magic:  1/1        EV:  6    Int:  5    God:
Gold:   70         SH:  0    Dex: 11    Spells: 1/1 levels left

rFire   . . .      SeeInvis .   a - +0 war axe
rCold   . . .      Faith    .   (no shield)
rNeg    . . .      Spirit   .   h - +0 plate armour
rPois   .          Reflect  .   c - +1 hat
rElec   .          Harm     .   (no cloak)
rCorr   .          Rampage  .   (no gloves)
Will    .....                   (no boots)
Stlth   ..........              (no amulet)
HPRegen 0.08/turn               (no ring)
MPRegen 0.07/turn               (no ring)

@: no status effects
A: horns 2, retaliatory headbutt
a: no special abilities


You were on level 1 of the Dungeon.
You visited 1 branch of the dungeon, and saw 1 of its levels.

You collected 70 gold pieces.

Inventory:

Hand Weapons
 a - a +0 war axe (weapon)
Missiles
 d - 3 throwing nets (quivered)
 e - 3 javelins
Armour
 b - a +0 leather armour
 c - a +1 hat (worn)
 h - a +0 plate armour (worn)
Scrolls
 f - a scroll of identify
 g - a scroll of immolation


   Skills:
 + Level 2.4 Fighting
 + Level 4.1 Axes
 + Level 2.1 Throwing
 + Level 0.4 Armour
 + Level 3.9 Dodging
 + Level 0.1 Stealth


You had one spell level left.
You didn't know any spells.
Your spell library was empty.

Dungeon Overview and Level Annotations

Branches:
Dungeon (1/15)

Altars:


Innate Abilities, Weirdness & Mutations

You have a pair of horns on your head.
You reflexively headbutt those who attack you in melee.


Message History

Found 18 stones.
The endoplasm closely misses you. You furiously retaliate!
You headbutt the endoplasm!
You kill the endoplasm!
Your Axes skill increases to level 4!
An endoplasm comes into view.
The endoplasm quivers.
A hobgoblin comes into view.
The hobgoblin shouts!
The endoplasm freezes you.
You are frozen.
You hit the endoplasm.
You kill the endoplasm!
You closely miss the hobgoblin. The hobgoblin hits you.
You slash the hobgoblin!
You kill the hobgoblin!
f - a scroll labelled MOMUTR AREPTOCH
As you read the scroll labelled MOMUTR AREPTOCH, it crumbles to dust.
You feel aware of your surroundings.
It was a scroll of magic mapping.
Found a scroll of identify.
f - a scroll of identify You now have 70 gold pieces (gained 8).
You see here a +0 dagger.
Found a stone staircase leading down.
A ball python comes into view.
The ball python hisses angrily.
There is a stone staircase leading down here.
You slash the ball python!
You kill the ball python!
You see here a ball python corpse.
Found a pair of boots.
An endoplasm comes into view.
Found a spear.
The endoplasm quivers.
You barely miss the endoplasm.
The endoplasm hits you but does no damage.
You hit the endoplasm. You headbutt the endoplasm.
You kill the endoplasm!
You see here a +0 spear.
Are you sure you want to abandon this character and quit the game? (Confirm with "yes".)

#****#..# #.# #.########.# # #..#
#.# #.# #.# # ***#..#*** #.# #.#
#.# #**,.....,,* #.# #.# ##.#
##...#.#.#.#####.# #.# #..#
.......#...[.....####.# #.##
##...####.#****#...##.# #.# **.##
*,* #.#.##.## #.# #.### #.#
#@#.##..# #.# ###.#.###.#
#.#.###.# ##.### #......##.#
#.#.# #.# #..... #.#.....#.###
#)#.###.### #..### #...........#
##.#.#.....# #..#
............###..#.#.###.###..###
#..................#.###.........
.#..........###>......##.###..###
###.........# #.#####.....#......


There were no monsters in sight!

Vanquished Creatures
  5 endoplasms (D:1)
  2 giant cockroaches (D:1)
  A goblin (D:1)
  A hobgoblin (D:1)
  2 jackals (D:1)
  A kobold (D:1)
  3 quokkas (D:1)
  3 ball pythons (D:1)
  A bat (D:1)
  A rat (D:1)
20 creatures vanquished.

Notes
Turn   | Place    | Note
-------+----------+-------------------------------------------
     0 | D:1      | NotOkHand the Minotaur Gladiator began the quest for the
                  | Orb.
     0 | D:1      | Reached XP level 1. HP: 18/18 MP: 0/0
     6 | D:1      | Noticed an electric eel
   240 | D:1      | Reached XP level 2. HP: 20/25 MP: 1/1
   464 | D:1      | Reached skill level 4 in Axes
   682 | D:1      | Quit the game

Illustrated notes

Levels and vault maps discovered:
D:1:      arrival_aquarium_a, layout_loops_ring

Skill      XL: |  1  2 |
---------------+-------+-----
Axes           | 4 |  4.1
Fighting       | |  2.4
Throwing       | |  2.1
Armour         | |  0.4
Dodging        | |  3.9
Stealth        | |  0.1

Action                   || total
-------------------------++-------
Melee: War axe           ||    36
       Headbutt          ||     5
  Use: Scroll            ||     3
 Stab: Sleeping          ||     1
Armor: Leather armour    ||     6
       Plate armour      ||     7
Dodge: Dodged            ||    19

Table legend: (Time is in decaauts)
 A = Elapsed time spent in this place.
 B = Non-inter-level travel time spent in this place.
 C = Inter-level travel time spent in this place.
 D = Time resting spent in this place.
 E = Time spent auto-exploring this place.
 F = Levels seen in this place.
 G = Mean time per level.
                   A        B        C        D        E       F      G
               +--------+--------+--------+--------+--------+-----+--------+
         Total |    693 |    233 |    460 |      0 |      0 |   1 |  693.0 |
       Dungeon |    693 |    233 |    460 |      0 |      0 |   1 |  693.0 |
               +--------+--------+--------+--------+--------+-----+--------+

Top non-repeatable levels by time:
     D:1: 693 daAuts
